 Dungeon Crawl Stone Soup version 0.28.0-55-gcd9437bce4 (webtiles) character file.

Game seed: 663632489777534331

2480 cbfl8 the Cleaver (level 9, -10/79 HPs)
             Began as a Minotaur Berserker on Dec 1, 2022.
             Was a Priest of Trog.
             Mangled by an ogre
             ... wielding a +0 halberd
              (11 damage)
             ... in a bailey.
             The game lasted 00:07:43 (5744 turns).

cbfl8 the Cleaver (Minotaur Berserker)              Turns: 5744, Time: 00:07:43

Health: -10/79     AC: 16    Str: 23    XL:     9   Next: 27%
Magic:  8/8        EV: 10    Int: 12    God:    Trog [***...]
Gold:   343        SH:  0    Dex: 13    Spells: 8/8 levels left

rFire   . . .      SeeInvis .   o - +0 war axe (flame)
rCold   . . .      Faith    .   (no shield)
rNeg    . . .      Spirit   .   g - +1 chain mail "Pellu Riv" {+Inv Int+2}
rPois   .          Reflect  .   (helmet restricted)
rElec   .          Harm     .   m - +0 cloak
rCorr   +          Rampage  .   p - +0 pair of gloves
Will    .....                   s - +2 pair of boots
Stlth   ..........              (no amulet)
HPRegen 0.23/turn               c - +6 ring of intelligence
MPRegen 0.11/turn               v - ring of resist corrosion

@: on berserk cooldown, slowed, very slow
A: horns 2, retaliatory headbutt
a: Renounce Religion, Evoke Invisibility, Berserk, Trog's Hand


You were in a bailey.
You worshipped Trog.
Trog was most pleased with you.
You visited 1 branch of the dungeon, and saw 7 of its levels.
You also visited: Bailey.

You collected 343 gold pieces.

Inventory:

Hand Weapons
 o - a +0 war axe of flaming (weapon)
Armour
 f - the +2 scale mail of Sinonad {Regen+ Str-3 Int+5 Slay+2}
   (You found it on level 6 of the Dungeon)

   Str:       It affects your strength (-3).
   Int:       It affects your intelligence (+5).
   Slay:      It affects your accuracy & damage with ranged weapons and melee
   (+2).
   Regen:     It increases your rate of health regeneration.
 g - the +1 chain mail "Pellu Riv" (worn) {+Inv Int+2}
   (You found it on level 4 of the Dungeon)

   Int:       It affects your intelligence (+2).
   +Inv:      It lets you turn invisible.
 m - a +0 cloak (worn)
 p - a +0 pair of gloves (worn)
 s - a +2 pair of boots (worn)
Jewellery
 c - a +6 ring of intelligence (left hand)
 v - a ring of resist corrosion (right hand)
Wands
 q - a wand of acid (7)
 u - a wand of polymorph (14)
Scrolls
 b - a scroll of enchant weapon
 e - a scroll of holy word {unknown}
 i - a scroll of blinking
 j - 3 scrolls of teleportation
 l - a scroll of immolation
Potions
 a - a potion of haste {unknown}
 d - 2 potions of curing {unknown}
 h - a potion of might {unknown}
 k - a potion of berserk rage {unknown}
 r - 2 potions of flight {unknown}
 t - a potion of ambrosia {unknown}


   Skills:
 * Level 7.4 Fighting
 * Level 11.2 Axes
 + Level 4.4 Armour
 * Level 5.1 Dodging
 + Level 0.6 Stealth
 * Level 3.7 Evocations


You had 8 spell levels left.
You didn't know any spells.
Your spell library was empty.

Dungeon Overview and Level Annotations

Branches:
Dungeon (7/15)             Temple (0/1) D:4          Bailey (1/1)

Altars:
Gozag
Vehumet

Shops:
D:4 :   D:6 [


Innate Abilities, Weirdness & Mutations

You have a pair of horns on your head.
You reflexively headbutt those who attack you in melee.


Message History

The spriggan splashes around in the water.
Unknown command.
You miss the spriggan.
The spriggan is almost dead.
The ogre hits you from afar with a +0 halberd.
Unknown command.
You hit the spriggan. You burn the spriggan.
You kill the spriggan!
Trog accepts your kill.
You hear a splash.
The ogre hits you from afar with a +0 halberd!
The ogre barely misses you. The ogre hits you but does no damage.
Unknown command.
You are no longer berserk.
You are exhausted.
You feel yourself slow down. The ogre hits you with a +0 halberd!
The ogre misses you. You furiously retaliate!
You headbutt the ogre!
The ogre hits you from afar with a +0 halberd!
* * * LOW HITPOINT WARNING * * *
Unknown command.
You are too injured to fight recklessly!
The ogre hits you but does no damage. x2; The ogre misses you.
The ogre hits you but does no damage.
The ogre hits you from afar with a +0 halberd!
* * * LOW HITPOINT WARNING * * *
The ogre closely misses you. The ogre closely misses you.
The ogre hits you but does no damage.
The ogre hits you from afar with a +0 halberd.
* * * LOW HITPOINT WARNING * * *
The ogre hits you but does no damage.
The ogre hits you from afar with a +0 halberd.
* * * LOW HITPOINT WARNING * * *
The ogre barely misses you.
The ogre hits you from afar with a +0 halberd.
* * * LOW HITPOINT WARNING * * *
The ogre hits you but does no damage.
There is a gate leading back out of this place here.
The ogre closely misses you.
The ogre hits you from afar with a +0 halberd!
You die...

## #.. ###
#... ##.##
#..# ##...##
#..# #.....#
#..♣
##....O###..#
#...@.O≈≈≈).#
#.....O≈≈≈..#
#.....O≈≈)..♣
#......≈≈)..#
#...∩..≈≈≈..♣
##.....###..♣
#.....# #..#
##...## #..#
##.## #..


You could see 4 ogres.

Vanquished Creatures
  2 spriggans (Bailey)
  2 steam dragons
  A water moccasin (D:6)
  2 ice beasts
  A necrophage (D:5)
  3 ogres
  A centaur (D:6)
  3 bullfrogs
  A wyvern zombie (D:5)
  2 water moccasin zombies (D:5)
  2 scorpions (D:4)
  3 bullfrog zombies (D:5)
  6 hounds
  3 jellies
  3 iguanas
  2 orc wizards (D:7)
  A hound zombie (D:5)
  A hound skeleton (D:5)
  A howler monkey skeleton (D:4)
  7 adders
  4 gnolls (D:3)
  A shadow imp (D:6)
  An adder skeleton (D:4)
  3 worms
  A dart slug (D:3)
  12 orcs
  5 ball pythons
  A bat (D:1)
  5 endoplasms
  4 giant cockroaches
  6 goblins
  6 hobgoblins
  6 jackals
  3 quokkas
  2 frilled lizards (D:3)
  2 kobolds (D:4)
  A quokka skeleton (D:4)
  6 rats
116 creatures vanquished.

Vanquished Creatures (others)
  8 plants (D:3)
  6 withered plants
14 creatures vanquished.

Grand Total: 130 creatures vanquished

Notes
Turn   | Place    | Note
-------+----------+-------------------------------------------
     0 | D:1      | cbfl8 the Minotaur Berserker began the quest for the Orb.
     0 | D:1      | Reached XP level 1. HP: 19/19 MP: 0/0
   548 | D:1      | Reached skill level 4 in Axes
   720 | D:1      | Reached XP level 2. HP: 25/27 MP: 1/1
  1549 | D:2      | Reached XP level 3. HP: 33/33 MP: 2/2
  1747 | D:2      | Reached skill level 1 in Evocations
  2074 | D:3      | Found a faded altar of an unknown god.
  2094 | D:3      | Found an opulent altar of Gozag.
  2145 | D:3      | Reached ** piety under Trog
  2163 | D:3      | Reached XP level 4. HP: 40/40 MP: 3/3
  2171 | D:3      | Reached skill level 5 in Axes
  3006 | D:4      | Identified the +1 chain mail "Pellu Riv" {+Inv Int+2}
  3071 | D:4      | Noticed a scorpion
  3077 | D:4      | Killed a scorpion
  3078 | D:4      | Reached XP level 5. HP: 47/47 MP: 4/4
  3133 | D:4      | Reached skill level 6 in Axes
  3345 | D:4      | Reached XP level 6. HP: 52/53 MP: 5/5
  3392 | D:4      | Found Tatesch's Book Shoppe.
  3461 | D:4      | Found a staircase to the Ecumenical Temple.
  3691 | D:5      | Entered Level 5 of the Dungeon
  3788 | D:5      | Reached skill level 7 in Axes
  3790 | D:5      | Reached skill level 5 in Fighting
  3844 | D:5      | Reached XP level 7. HP: 49/61 MP: 6/6
  3959 | D:5      | Noticed a steam dragon
  3968 | D:5      | Killed a steam dragon
  3969 | D:5      | Reached skill level 8 in Axes
  4361 | D:5      | Found a radiant altar of Vehumet.
  4420 | D:5      | Reached *** piety under Trog
  4539 | D:5      | Reached XP level 8. HP: 68/70 MP: 7/7
  4558 | D:5      | Reached skill level 9 in Axes
  4880 | D:6      | Found Vaik's Armour Shop.
  5049 | D:6      | Identified the +2 scale mail of Sinonad {Regen+ Str-3 Int+5
                  | Slay+2}
  5079 | D:6      | Reached skill level 10 in Axes
  5598 | D:7      | Reached XP level 9. HP: 79/79 MP: 8/8
  5702 | D:7      | Found a flagged portal.
  5714 | Bailey   | Entered a bailey
  5726 | Bailey   | Reached skill level 11 in Axes
  5726 | Bailey   | Reached skill level 5 in Dodging
  5743 | Bailey   | HP: 1/79 [ogre/+0 halberd (4)]
  5744 | Bailey   | Mangled by an ogre

Illustrated notes

Levels and vault maps discovered:
D:1:      heliophobic_arrival_ceremonial_halls, layout_basic
D:2:      layout_basic
D:3:      layout_rooms, nicolae_gozag_seed_capital,
          shapermc_ecumenical_altar_flowoftime
D:4:      layout_basic, minmay_temple_entry_statues_pillars, serial_shops,
          kennysheep_little_box, hangedman_feature_mirror
D:5:      layout_rooms, mainiacjoe_overflow_alcove_4, serial_undead,
          serial_undead_c, serial_undead_f, serial_undead_e, serial_undead_a
D:6:      layout_loops_ring, serial_shops, shop_fountains, minmay_liquid_box
D:7:      layout_basic, enter_bailey_2, sigmund_edmund_badplayer
Bailey:   bailey_polearm_enchanted_keep_hellmonk, bailey

Skill      XL: |  1  2  3  4  5  6  7  8  9 |
---------------+----------------------------+-----
Axes           | 4 5 6 7 8 10 11 | 11.2
Fighting       | 4 5 7 |  7.4
Evocations     | 1 2 3 |  3.7
Dodging        | 3 4 5 |  5.1
Armour         | 3 4 |  4.4
Stealth        | |  0.6

Action                   |  1- 3 |  4- 6 |  7- 9 || total
-------------------------+-------+-------+-------++-------
Melee: Hand axe          |    81 |    53 |       ||   134
       Headbutt          |     9 |    13 |    26 ||    48
       Punch             |     1 |     1 |     1 ||     3
       War axe           |       |    34 |   145 ||   179
Invok: Berserk           |     1 |     1 |     1 ||     3
  Use: Scroll            |       |       |     5 ||     5
Armor: Animal skin       |     8 |       |       ||     8
       Leather armour    |    12 |     3 |       ||    15
       Chain mail        |       |    39 |    90 ||   129
Dodge: Dodged            |    43 |    42 |    77 ||   162
